 Dungeon Crawl Stone Soup version 0.28-a0-620-g539b0f7ac7 (webtiles) character file.

Game seed: 14943186116231542723

38700 Zenkrye the Fighter (level 14, -1/159 HPs)
             Began as an Ogre Transmuter on Oct 6, 2021.
             Was a Priest of Ashenzari.
             Slain by an orc knight (30 damage)
             ... on level 9 of the Dungeon.
             The game lasted 01:02:22 (17367 turns).

Zenkrye the Fighter (Ogre Transmuter)              Turns: 17367, Time: 01:02:23

Health: -1/159     AC:  2    Str: 17    XL:     14   Next: 3%
Magic:  21/22      EV: 29    Int: 18    God:    Ashenzari [***...]
Gold:   2336       SH:  0    Dex: 14    Spells: 7/24 levels left

rFire   . . .      SeeInvis +     - Unarmed
rCold   . . .      Faith    .   (shield currently unavailable)
rNeg    . . .      Spirit   .   (armour currently unavailable)
rPois   x          Reflect  .   (helmet currently unavailable)
rElec   .          Harm     .   (cloak currently unavailable)
rCorr   .          Rampage  .   (gloves unavailable)
Will    +....      Clarity  +   (boots unavailable)
Stlth   +.........              p - amulet of Ashenzari's Disgust {Regen+, Melee, Elem} (curse)
HPRegen 1.36/turn               v - ring of Ashenzari's Annoyance {EV+4, Fort, Self} (curse)
MPRegen 0.18/turn               (no ring)

@: spider-form, wereblooded
A: venomous fangs, tiny, unfitting armour, (tough skin 1)
a: End Transformation, Renounce Religion, Curse Item, Shatter the Chains


You were on level 9 of the Dungeon.
You worshipped Ashenzari.
Ashenzari was most pleased with you.
You were a venomous arachnid creature.
You visited 3 branches of the dungeon, and saw 18 of its levels.

You collected 2336 gold pieces.

Inventory:

Hand Weapons
 n - the +8 hand crossbow "Xacoe" (melded) {flame, +Blink Fly rPois Dex+4}
   (You found it on level 6 of the Dungeon)

   Any ammunition fired from it burns those it strikes, dealing additional fire
   damage.
   Dex:       It affects your dexterity (+4).
   rPois:     It protects you from poison.
   Fly:       It grants you flight.
   +Blink:    It lets you blink.
Missiles
 e - a silver boomerang
 t - 48 bolts
 C - 4 curare-tipped darts (quivered)
 E - 3 boomerangs
Armour
 a - a +0 robe
 g - the cursed +0 cloak "I Knew You'd Do That" (melded) {Alch, Melee}
   (You found it on level 8 of the Dungeon)

   It has a curse which improves the following skills: Alchemy: Poison Magic and
   Transmutations.
   Melee Combat: Short Blades, Long Blades, Axes, Maces & Flails, Polearms,
   Staves and Unarmed Combat.
 u - the cursed +0 troll leather armour "Negligence of the Sky" (melded) {Regen+, Alch, Range}
   (You found it on level 9 of the Dungeon)

   Regen:     It increases your rate of health regeneration.
   It has a curse which improves the following skills: Alchemy: Poison Magic and
   Transmutations.
   Ranged Combat: Slings, Bows, Crossbows and Throwing.
 z - +0 acid dragon scales
Jewellery
 p - the cursed amulet of Ashenzari's Disgust (around neck) {Regen+, Melee, Elem}
   (You found it on level 6 of the Dungeon)

   [amulet of regeneration]

   Regen:     It increases your rate of health regeneration.
   It has a curse which improves the following skills: Melee Combat: Short
   Blades, Long Blades, Axes, Maces & Flails, Polearms, Staves and Unarmed
   Combat.
   Elements:  Fire Magic, Ice Magic, Air Magic and Earth Magic.
 v - the cursed ring of Ashenzari's Annoyance (left front leg) {EV+4, Fort, Self}
   (You found it on level 3 of the Dungeon)

   [ring of evasion]

   EV:        It affects your evasion (+4).
   It has a curse which improves the following skills: Fortitude: Armour and
   Shields.
   Introspection: Fighting and Spellcasting.
 J - a +6 ring of strength
Wands
 o - a wand of iceblast (18) {@v4}
 q - a wand of polymorph (7)
 w - a wand of flame (30)
 B - a wand of acid (8) {@v2}
Scrolls
 c - 3 scrolls of holy word
 f - 5 scrolls of immolation
 j - 2 scrolls of blinking {@r4}
 k - 3 scrolls of brand weapon
 m - a scroll of fog
 s - 3 scrolls of fear
 y - 2 scrolls of enchant armour
 F - a scroll of amnesia
 G - a scroll of magic mapping
 H - 3 scrolls of teleportation {@r3}
Potions
 b - a potion of mutation
 d - a potion of heal wounds {@q2}
 h - 2 potions of curing {@q1}
 i - 4 potions of magic
 l - 2 potions of brilliance
 r - a potion of cancellation
 x - a potion of haste {@q3}
 D - a potion of berserk rage
 I - a potion of invisibility
Miscellaneous
 A - a phial of floods


   Skills:
 + Level 13.5(15.3) Fighting
 + Level 9.7 Dodging
 + Level 13.0(14.8) Unarmed Combat
 - Level 4.0(5.8) Spellcasting
 - Level 9.4 Transmutations
 - Level 4.0(5.7) Ice Magic
 - Level 4.2(6.0) Air Magic
 - Level 2.0 Poison Magic
 - Level 3.0 Evocations


You had 7 spell levels left.
You knew the following spells:

 Your Spells              Type           Power      Damage    Failure   Level
a - Beastly Appendage     Tmut           78%        N/A       2%          1
b - Spider Form           Tmut/Pois      12%        N/A       12%         3
c - Ice Form              Ice/Tmut       32%        N/A       16%         4
d - Wereblood             Tmut           39%        N/A       3%          2
e - Storm Form            Tmut/Air       16%        N/A       100%        7

Your spell library contained the following spells:

 Spells                   Type           Power      Damage    Failure   Level
 Static Discharge         Conj/Air       16%        N/A       16%         2
 Ignite Poison            Fire/Tmut/Pois 19%        N/A       21%         3
 Airstrike                Air            13%        N/A       24%         4
 Blink                    Tloc           N/A        N/A       38%         2
 Conjure Flame            Conj/Fire      5%         6-21      56%         3
 Summon Lightning Spire   Summ/Air       16%        N/A       56%         4
 Call Canine Familiar     Summ           5%         N/A       58%         3
 Portal Projectile        Hex/Tloc       10%        N/A       58%         3
 Hailstorm                Conj/Ice       15%        3d5       58%         4
 Lightning Bolt           Conj/Air       8%         1d20      86%         5
 Leda's Liquefaction      Hex/Erth       2%         N/A       89%         4
 Sticky Flame             Conj/Fire      5%         2d3       89%         4
 Dispel Undead            Necr           5%         3d7       90%         4
 Manifold Assault         Tloc           5%         N/A       99%         5
 Simulacrum               Ice/Necr       7%         N/A       100%        6
 Borgnjor's Revivificati  Necr           2%         N/A       100%        8
 Necromutation            Tmut/Necr      11%        N/A       100%        8
 Death's Door             Necr           2%         N/A       100%        9


Dungeon Overview and Level Annotations

Branches:
Dungeon (12/15)            Temple (0/1) D:6            Lair (4/6) D:9
 Shoals (0/4) Lair:4       Spider (0/4) Lair:2          Orc (2/2) D:9
    Elf: Orc:2

Altars:
Ashenzari
Dithmenos
Elyvilon
Fedhas
Kikubaaqudgha
Nemelex Xobeh
Qazlal
Sif Muna
Trog
Uskayaw
Wu Jian
Xom
The Shining One
Beogh

Shops:
D:4 ?   D:10 (


Innate Abilities, Weirdness & Mutations

You are a venomous arachnid creature.
You have poisonous fangs.
You are tiny and dextrous.
Your spellcasting is less reliable in this form.
Your armour is entirely melded.
You are incapable of wielding weapons or throwing items.
You are too large for most types of armour.
((You have tough skin. (AC +1)))


Message History

The orc closely misses you. The orc barely misses you.
The orc knight barely misses you.
You feel much better. The orc completely misses you. x2
The orc knight completely misses you.
You bite the orc knight!
The orc knight is poisoned.
The orc knight is lightly wounded.
The orc closely misses you. The orc completely misses you.
You bite the orc!
You feel a bit better.
You kill the orc!
You hiss as the wereblood boils in your veins!
The orc knight hits you with a +0 great mace!!!
* * * LOW HITPOINT WARNING * * *
The orc misses you.
You feel much better.
You hiss as the wereblood boils in your veins!
The orc knight misses you. The orc completely misses you.
You feel much better.
The orc knight hits you with a +0 great mace!!
* * * LOW HITPOINT WARNING * * *
The orc closely misses you.
You hit the orc.
The orc is poisoned.
The orc is heavily wounded.
The orc knight completely misses you.
You hit the orc but do no damage.
The orc looks as sick as possible!
The orc is heavily wounded.
The orc completely misses you.
You barely miss the orc.
The orc is heavily wounded.
The orc knight hits you with a +0 great mace!
* * * LOW HITPOINT WARNING * * *
The orc closely misses you.
You bite the orc!
You feel a bit better.
You kill the orc!
The orc knight completely misses you.
Unknown command.
You maul the orc knight!!
The orc knight looks as sick as possible!
The orc knight is heavily wounded.
The orc knight hits you with a +0 great mace!!
You die...

......#.......####.......#
.....##.......##.#..##...##
..........................#
.....##.#...####.......(.##
.....####..####...#.......#####
.....# #.###.....#.##..#).#..#
.....# ##.###.....)##...#.).).#
##...###...##..)[...#...##.).##
#.#....##......os#....######..#
...............)....#......#..##
....................#8.8.8.....#
...≈≈≈≈..........#...........#.##
..≈≈≈≈.....##....#.#.8.8....##..#
.≈≈≈.#...####.#>####........###.#
.≈≈........#..### ###.....8.....8
..............#####...##.........
...............#.#.....##.8.....8


You could see an orc knight (strong, extremely poisoned).

Vanquished Creatures
  A boulder beetle (D:12)
  2 hydras
  A catoblepas (Lair:4)
  Erica (Lair:2)
  2 centaur warriors
  A two-headed ogre (Orc:1)
  Urug (Lair:1)
  A wolf spider (Lair:2)
  An ugly thing (D:12)
  An orc sorcerer (Orc:2)
  10 elephants
  A manticore (Lair:4)
  4 black mambas
  8 cane toads
  Maggie (Lair:2)
  4 rime drakes
  3 unseen horrors
  5 komodo dragons
  3 trolls
  3 polar bears
  A wind drake (Lair:4)
  9 slime creatures
  6 blink frogs
  A spriggan (Lair:2)
  A wyvern (D:7)
  4 wraiths
  A fire bat (D:9)
  36 yaks
  A basilisk (Lair:3)
  A steam dragon (D:9)
  An acid dragon (D:12)
  2 wargs
  Menkaure (D:4)
  11 water moccasins
  2 black bears
  10 orc warriors
  A sky beast (D:7)
  3 ice beasts
  An ogre (D:6)
  2 necrophages (D:4)
  34 wolves
  10 centaurs
  2 phantoms
  A kobold brigand (D:9)
  Blork the orc (D:4)
  11 bullfrogs
  2 scorpions
  2 gnoll sergeants
  A water moccasin skeleton (D:7)
  3 wights (D:8)
  16 killer bees
  2 howler monkeys (D:10)
  3 electric eels
  3 centaur zombies
  A bullfrog zombie (D:5)
  6 hounds
  2 jellies
  2 bullfrog skeletons
  A centaur skeleton (D:6)
  6 orc priests
  A gnoll shaman (D:4)
  2 iguanas
  Natasha (thrice) (D:4)
  8 orc wizards
  2 hound skeletons (D:4)
  A river rat (D:9)
  6 adders
  25 gnolls
  A howler monkey skeleton (D:7)
  2 ufetubi
  A worm (D:2)
  4 dart slugs
  30 orcs
  6 bats
  8 endoplasms
  3 giant cockroaches
  6 goblins
  3 hobgoblins
  3 jackals (D:2)
  2 quokkas
  3 ball pythons
  11 frilled lizards
  7 kobolds
  4 rats
400 creatures vanquished.

Vanquished Creatures (others)
  A troll (Orc:2)
  A human (D:9)
  2 orcs (Orc:2)
  10 fungi
  44 plants
58 creatures vanquished.

Grand Total: 458 creatures vanquished

Notes
Turn   | Place    | Note
-------+----------+-------------------------------------------
     0 | D:1      | Zenkrye the Ogre Transmuter began the quest for the Orb.
     0 | D:1      | Reached XP level 1. HP: 19/19 MP: 3/3
   312 | D:1      | Reached XP level 2. HP: 19/28 MP: 3/5
  1172 | D:1      | Reached XP level 3. HP: 22/36 MP: 4/6
  1177 | D:1      | Learned a level 3 spell: Spider Form
  1477 | D:2      | Reached skill level 1 in Poison Magic
  1477 | D:2      | Reached XP level 4. HP: 23/44 MP: 0/8
  2237 | D:3      | Learned a level 4 spell: Ice Form
  2360 | D:3      | Reached XP level 5. HP: 49/52 MP: 5/9
  2521 | D:3      | Learned a level 2 spell: Wereblood
  2958 | D:3      | Found a faded altar of an unknown god.
  2963 | D:3      | Became a worshipper of Ashenzari the Shackled
  3000 | D:4      | Noticed Natasha
  3009 | D:4      | Killed Natasha
  3110 | D:4      | Noticed Blork the orc
  3121 | D:4      | Killed Blork the orc
  3122 | D:4      | Reached XP level 6. HP: 45/61 MP: 4/10
  3238 | D:4      | Noticed Natasha
  3243 | D:4      | Killed Natasha
  3311 | D:4      | Found Qoph's Magic Scroll Shop.
  3311 | D:4      | Noticed Menkaure
  3338 | D:4      | Noticed a necrophage
  3346 | D:4      | Killed a necrophage
  3347 | D:4      | Reached skill level 1 in Ice Magic
  3572 | D:4      | Killed Menkaure
  3573 | D:4      | Reached XP level 7. HP: 40/70 MP: 7/11
  3861 | D:4      | Found a sparkling altar of Nemelex Xobeh.
  4083 | D:4      | Found a shimmering altar of Xom.
  4113 | D:4      | Found a shimmering blue altar of Sif Muna.
  4281 | D:4      | Noticed Natasha
  4292 | D:4      | Killed Natasha
  4448 | D:4      | Reached XP level 8. HP: 58/79 MP: 9/12
  4595 | D:5      | Entered Level 5 of the Dungeon
  4606 | D:5      | Reached skill level 5 in Fighting
  4970 | D:5      | Found a glowing golden altar of the Shining One.
  4985 | D:5      | Reached skill level 5 in Transmutations
  5128 | D:5      | Found a broken altar of Ashenzari.
  5629 | D:6      | Reached skill level 5 in Unarmed Combat
  5931 | D:6      | Identified the +8 hand crossbow "Xacoe" {flame, +Blink Fly
                  | rPois Dex+4}
  6082 | D:6      | Noticed a water elemental
  6085 | D:6      | Found a stormy altar of Qazlal.
  6086 | D:6      | Noticed an air elemental
  6211 | D:6      | Reached XP level 9. HP: 92/92 MP: 10/14
  6440 | D:6      | Found a staircase to the Ecumenical Temple.
  6963 | D:7      | Found a white marble altar of Elyvilon.
  7503 | D:7      | Found a bloodstained altar of Trog.
  7710 | D:8      | Reached skill level 5 in Dodging
  7746 | D:8      | Found a blossoming altar of Fedhas.
  8154 | D:8      | Reached XP level 10. HP: 104/104 MP: 8/15
  8274 | D:8      | Found a shadowy altar of Dithmenos.
  8784 | D:9      | Found a staircase to the Lair.
  9003 | D:9      | Noticed a +0 short sword
  9003 | D:9      | Noticed a centaur warrior
  9006 | D:9      | Noticed a +0 short sword
  9007 | D:9      | Noticed a +0 dagger
  9007 | D:9      | Noticed a +0 dagger
  9009 | D:9      | Noticed a +0 falchion
  9011 | D:9      | Noticed a +0 spear
  9013 | D:9      | Killed a centaur warrior
  9159 | D:9      | Found a staircase to the Orcish Mines.
  9285 | D:9      | Noticed a +0 spear
  9296 | D:9      | Noticed a +0 falchion
  9304 | D:9      | Found a hide-covered altar of Uskayaw.
  9325 | D:9      | Found an ancient bone altar of Kikubaaqudgha.
  9488 | D:10     | Entered Level 10 of the Dungeon
  9549 | D:10     | Found an ornate altar of the Wu Jian Council.
  9609 | D:10     | Reached XP level 11. HP: 101/117 MP: 13/16
  9908 | D:10     | Found Amaaxis's Weapon Shoppe.
 10266 | Lair:1   | Entered Level 1 of the Lair of Beasts
 10433 | Lair:1   | Noticed Urug
 10494 | Orc:1    | Entered Level 1 of the Orcish Mines
 10515 | D:9      | Reached skill level 10 in Fighting
 10831 | Orc:2    | Entered Level 2 of the Orcish Mines
 10831 | Orc:2    | Noticed a two-headed ogre
 10831 | Orc:2    | Noticed an orc sorcerer
 10834 | Orc:2    | Noticed a centaur warrior
 10841 | Orc:1    | Killed a two-headed ogre
 10949 | D:11     | Reached * piety under Ashenzari
 11132 | D:11     | Found a gate leading to a gauntlet.
 11140 | D:11     | Reached skill level 10 in Unarmed Combat
 11262 | D:11     | Found a glowing golden altar of the Shining One.
 11616 | D:12     | Identified the +5 rapier "Pacil" {flame, rC- rN+ Will+}
 11662 | D:12     | Noticed a red ugly thing
 11685 | D:12     | Killed a red ugly thing
 11754 | D:12     | Noticed Sonja
 11755 | D:12     | Noticed Sonja
 11755 | D:12     | Sonja changed into Sonja the rime drake
 11766 | D:12     | Killed Sonja the rime drake
 11767 | D:12     | Reached XP level 12. HP: 132/132 MP: 14/18
 11770 | D:12     | Noticed a boulder beetle
 11780 | D:12     | Killed a boulder beetle
 12007 | D:12     | Reached skill level 1 in Evocations
 12714 | Lair:1   | Killed Urug
 13819 | Lair:1   | Reached ** piety under Ashenzari
 13960 | Lair:2   | Noticed Maggie
 13962 | Lair:2   | Identified the cursed +0 cloak "I Knew You'd Do That"
                  | {Alch, Melee} (You found it on level 8 of the Dungeon)
 13972 | Lair:2   | Killed Maggie
 14024 | Lair:2   | Noticed a five-headed hydra
 14033 | Lair:2   | Noticed Erica
 14250 | Lair:2   | Learned a level 7 spell: Storm Form
 14479 | Lair:2   | Reached XP level 13. HP: 144/144 MP: 15/21
 14500 | Lair:2   | Reached skill level 1 in Air Magic
 14781 | Lair:2   | Found a hole to the Spider Nest.
 15157 | Lair:2   | Killed Erica
 15560 | Lair:3   | Reached *** piety under Ashenzari
 15630 | Lair:3   | Identified the cursed +0 troll leather armour "Negligence
                  | of the Sky" {Regen+, Alch, Range} (You found it on level 9
                  | of the Dungeon)
 16009 | Lair:3   | Identified a scroll of acquirement
 16021 | Lair:3   | Acquired 996 gold pieces
 16971 | Lair:4   | Found a staircase to the Shoals.
 17301 | Orc:2    | Reached XP level 14. HP: 102/159 MP: 18/22
 17355 | Orc:1    | HP: 4/159 [orc knight (20)]
 17360 | D:9      | HP: 5/159 [orc knight (41)]
 17367 | D:9      | Slain by an orc knight

Illustrated notes

Levels and vault maps discovered:
D:1:      dpeg_cavernosity, layout_loops_cross, minmay_lizard_king
D:2:      wander_river, layout_rooms
D:3:      layout_rooms, shapermc_ecumenical_altar_petra
D:4:      layout_loops_ring, nemelex_diamond_rough_becter,
          kennysheep_little_box, mainiacjoe_overflow_cross_hatched,
          nicolae_wooded_promenade, minmay_puff, uniq_menkaure,
          uniq_blork_the_orc, uniq_natasha
D:5:      layout_rooms, mainiacjoe_overflow_chevrons, kennysheep_mini_moat
D:6:      layout_rooms, nicolae_qazlal_style_of_elements, temple_doors_e,
          dk_noncrumbling_3, corner_web_ring, chequers_serial_rivers_small_a
D:7:      layout_cave_pools, nicolae_overflow_crystal_walls,
          lemuel_coloured_pillars_altar
D:8:      layout_cave_pools, mainiacjoe_overflow_alcove_4,
          overflow_temple_1_default
D:9:      layout_cave_pools, nicolae_uskayaw_en_pointe, tgw_kikubaaqudgha,
          erik_lair_island, serial_column_ruins, column_ruins_square_medium,
          column_ruins_corridor_straight, column_ruins_open_tiny_water,
          column_ruins_open_tiny, column_ruins_corridor_dead_end, st_stairs_14
D:10:     layout_loops_ring, nzn_wu_jian_contemplation, serial_shops,
          nicolae_shop_trees, grunt_ministairs_3
D:11:     layout_small_grid, gauntlet_entry_generic, nrook_loot_triangle,
          nicolae_tso_swordbearing_angel
D:12:     layout_rooms, uniq_sonja
Lair:1:   layout_hall_layers, minmay_holes, serial_bayou_shore_b, uniq_urug
Lair:2:   layout_layer_cave, spider_nest_entry_rubble, st_stairs_10,
          grunt_forest_stairs_clearing, serial_bayou_shore_b,
          grunt_megastairs_4, uniq_maggie, uniq_erica
Lair:3:   layout_regular_city, serial_bayou_shore_a
Lair:4:   layout_misc_corridors, minmay_shoals_entry_beasts, grunt_megastairs_5,
          infiniplex_staircase_pool_2
Orc:1:    layout_caves, basic_altar
Orc:2:    st_orc_rangers, layout_caves, portal_ice_cave_entry_ice_simulacra,
          basic_altar

Skill      XL: |  1  2  3  4  5  6  7  8  9 10 11 12 13 |
---------------+----------------------------------------+-----
Fighting       | 2 3 4 6 7 9 10 12 13 | 13.5
Unarmed Combat | 3 4 5 7 8 10 11 13 | 13.0
Transmutations | 2 3 4 5 6 7 8 9 |  9.4
Poison Magic   | 1 2 |  2.0
Spellcasting   | 3 4 |  4.0
Dodging        | 2 3 4 5 6 7 8 9 |  9.7
Ice Magic      | 1 2 3 4 |  4.0
Evocations     | 3 |  3.0
Air Magic      | 4 |  4.2

Action                   |  1- 3 |  4- 6 |  7- 9 | 10-12 | 13-15 || total
-------------------------+-------+-------+-------+-------+-------++-------
Melee: Unarmed           |    88 |   124 |   289 |   483 |   250 ||  1234
       Headbutt          |     4 |     1 |       |       |       ||     5
       Kick              |     3 |     2 |       |       |       ||     5
       Hand crossbow     |       |       |       |     1 |       ||     1
 Fire: Hand crossbow     |       |       |       |   114 |    40 ||   154
Throw: Boomerang         |     9 |    57 |    38 |     9 |       ||   113
       Dart              |       |       |       |     2 |       ||     2
 Cast: Beastly Appendage |     9 |     4 |       |       |       ||    13
       Spider Form       |     1 |    17 |    26 |    37 |    13 ||    94
       Wereblood         |       |       |    15 |    24 |     9 ||    48
       Ice Form          |       |       |    18 |    21 |    10 ||    49
Invok: Curse Item        |       |       |     1 |     2 |     1 ||     4
 Abil: End Transformatio |       |       |       |     4 |     4 ||     8
Evoke: Wand              |       |       |       |     5 |    10 ||    15
  Use: Scroll            |     2 |     1 |       |     2 |     2 ||     7
       Potion            |       |       |       |       |     4 ||     4
 Stab: Sleeping          |     1 |     1 |     1 |       |       ||     3
       Petrified         |       |       |       |       |     2 ||     2
Armor: Robe              |    29 |    16 |     5 |     2 |       ||    52
       Skin              |       |     2 |    33 |    59 |    27 ||   121
       Troll leather arm |       |       |       |     4 |     1 ||     5
Dodge: Dodged            |    28 |    87 |   254 |   661 |   326 ||  1356

Table legend: (Time is in decaauts)
 A = Elapsed time spent in this place.
 B = Non-inter-level travel time spent in this place.
 C = Inter-level travel time spent in this place.
 D = Time resting spent in this place.
 E = Time spent auto-exploring this place.
 F = Levels seen in this place.
 G = Mean time per level.
                   A        B        C        D        E       F      G
               +--------+--------+--------+--------+--------+-----+--------+
         Total |  17321 |  16510 |    811 |    530 |  12666 |  18 |  962.3 |
       Dungeon |  12254 |  11725 |    529 |    442 |   9000 |  12 | 1021.2 |
          Lair |   4709 |   4437 |    272 |     10 |   3528 |   4 | 1177.2 |
  Orcish Mines |    357 |    348 |      9 |     78 |    138 |   2 |  178.5 |
               +--------+--------+--------+--------+--------+-----+--------+

Top non-repeatable levels by time:
     D:4: 1590 daAuts
  Lair:1: 1449 daAuts
  Lair:2: 1336 daAuts
     D:9: 1309 daAuts
     D:6: 1250 daAuts
     D:1: 1151 daAuts
  Lair:3: 1147 daAuts
     D:7: 968 daAuts
     D:2: 959 daAuts
     D:3: 909 daAuts
    D:10: 904 daAuts
     D:5: 872 daAuts
    D:11: 842 daAuts
    D:12: 803 daAuts
  Lair:4: 775 daAuts
